 Dungeon Crawl Stone Soup version 0.28-a0-1629-gf728b707aa (webtiles) character file.

Game seed: 17862798437464142071

735 frimble the Cutter (level 7, 0/50 HPs)
             Began as a Demonspawn Warper on Jan 25, 2022.
             Slain by a water moccasin (6 damage)
             ... on level 5 of the Dungeon.
             The game lasted 00:04:12 (5391 turns).

frimble the Cutter (Demonspawn Warper)              Turns: 5391, Time: 00:04:12

Health: 0/50       AC:  7    Str: 11    XL:     7   Next: 45%
Magic:  10/10      EV: 10    Int: 21    God:
Gold:   207        SH:  0    Dex: 16    Spells: 8/10 levels left

rFire   . . .      SeeInvis .   a - +1 dagger (venom)
rCold   + + +      Faith    .   (no shield)
rNeg    + . .      Spirit   .   u - +2 ring mail {rC+}
rPois   .          Reflect  .   (helmet restricted)
rElec   .          Harm     .   (no cloak)
rCorr   .          Rampage  .   (no gloves)
Will    .....                   (no boots)
Stlth   +++.......              (no amulet)
HPRegen 0.16/turn               j - ring "Hungany" {rC+ rN+ Int+4 Slay+6}
MPRegen 0.24/turn               f - ring of protection from cold

@: lethally poisoned (0 -> -9), invisible
A: antennae 1, thin skeletal structure 2, powered by pain 1, magic regeneration
a: no special abilities


You were on level 5 of the Dungeon.
You visited 1 branch of the dungeon, and saw 5 of its levels.

You collected 207 gold pieces.

Inventory:

Hand Weapons
 a - a +1 dagger of venom (weapon)
 b - a +0 rapier
 n - a +0 short sword
Missiles
 d - 4 boomerangs of dispersal (quivered)
 e - 6 javelins
 s - 3 boomerangs
Armour
 u - a +2 ring mail of cold resistance (worn)
Jewellery
 f - a ring of protection from cold (right hand)
 j - the ring "Hungany" (left hand) {rC+ rN+ Int+4 Slay+6}
   (You found it on level 2 of the Dungeon)

   [ring of positive energy]

   Int:       It affects your intelligence (+4).
   Slay:      It affects your accuracy & damage with ranged weapons and melee
   (+6).
   rC:        It protects you from cold.
   rN:        It protects you from negative energy.
 o - a +4 ring of evasion
Scrolls
 c - 2 scrolls of blinking
 h - a scroll of magic mapping
 m - a scroll of identify
 p - a scroll of fog
 v - a scroll of amnesia {unknown}
Potions
 g - 2 potions of flight
 i - 2 potions of lignification
 k - a potion of invisibility
 l - 3 potions of berserk rage
 q - a potion of attraction
 r - a potion of magic {unknown}
 t - a potion of brilliance {unknown}
 w - a potion of curing {unknown}


   Skills:
 - Level 2.0 Fighting
 + Level 7.8 Short Blades
 - Level 0.8 Throwing
 - Level 0.8 Armour
 - Level 1.7 Dodging
 - Level 0.1 Stealth
 - Level 2.0 Spellcasting
 - Level 2.6 Translocations


You had 8 spell levels left.
You knew the following spells:

 Your Spells              Type           Power      Damage    Failure   Level
a - Blink                 Tloc           26%        N/A       19%         2

Your spell library contained the following spells:

 Spells                   Type           Power      Damage    Failure   Level
 Gell's Gravitas          Tloc           13%        N/A       34%         3
 Lesser Beckoning         Tloc           13%        N/A       34%         3
 Teleport Other           Tloc           13%        N/A       34%         3
 Ensorcelled Hibernation  Hex/Ice        4%         N/A       47%         2
 Sublimation of Blood     Necr           2%         N/A       47%         2
 Wereblood                Tmut           2%         N/A       47%         2
 Spider Form              Tmut/Pois      2%         N/A       71%         3
 Manifold Assault         Tloc           13%        N/A       97%         5
 Anguish                  Hex/Necr       1%         N/A       98%         4
 Summon Hydra             Summ           1%         N/A       100%        7


Dungeon Overview and Level Annotations

Branches:
Dungeon (5/15)
 Temple: D:4-7

Altars:
Okawaru
Xom
Yredelemnul

Shops:
D:5 *


Innate Abilities, Weirdness & Mutations

You have a pair of small antennae on your head.
You have a moderately thin skeletal structure. (Dex +4, Stealth++)
You sometimes gain a little power by taking damage.
You regenerate magic rapidly.


Message History

You are too injured to fight recklessly!
You are too injured to fight recklessly!
You are too injured to fight recklessly!
You are too injured to fight recklessly!
You are too injured to fight recklessly!
You are too injured to fight recklessly!
You are too injured to fight recklessly!
You are too injured to fight recklessly!
You are too injured to fight recklessly!
You are too injured to fight recklessly!
You escape the ball python's grasp.
You feel sick.
You feel sick.
You feel sick.
The water moccasin completely misses you.
You hit the water moccasin.
The water moccasin is heavily wounded.
You feel sick. The water moccasin bites you.
You hit the water moccasin.
The water moccasin is severely wounded.
You feel sick. The water moccasin bites you.
You are more poisoned.
The water moccasin poisons you!
You hit the water moccasin.
The water moccasin is severely wounded.
You feel sick. The water moccasin bites you.
* * * LOW HITPOINT WARNING * * *
You barely miss the water moccasin.
The water moccasin is severely wounded.
* * * LOW HITPOINT WARNING * * *
You feel very sick.
You hit the water moccasin.
The water moccasin is almost dead.
* * * LOW HITPOINT WARNING * * *
You feel sick. The water moccasin barely misses you.
It was a potion of invisibility.
You fade into invisibility!
* * * LOW HITPOINT WARNING * * *
You feel very sick. The water moccasin bites you.
You die...

###..## #..#
#..#### #
#.....####### #.##
#<.###### #
............##
#.## #.......###
.............##
#..# ##.........
#####)...###..##
#..# ########..
###..#
###.###..### ###
#..# ##..#....##
#..# #..###...#
##..# #####@#
##..#########
######...###...#S#
#..........#
#.......##.+.∩.SS#
##...####..#
.######..#.#...###
#..## #..# (#
##....#######
##..# #).# ##
##.....# #.##
#...# #..# #
##..###.#
##.###..## #..#
##.### #.#
#......# #..#
###..# #.#
##....## ##..##


You could see a water moccasin and 2 ball pythons.

Vanquished Creatures
  A black bear (D:5)
  2 ice beasts
  An ogre (D:5)
  Blork the orc (D:4)
  A scorpion (D:5)
  An orc priest (D:3)
  A hound (D:5)
  2 jellies
  A bullfrog skeleton (D:4)
  An iguana (D:4)
  An adder (D:3)
  A white imp (D:5)
  2 ufetubi (D:5)
  A worm (D:5)
  3 dart slugs
  5 orcs
  2 ball pythons (D:2)
  5 bats
  4 endoplasms
  4 giant cockroaches
  6 hobgoblins
  7 kobolds
  5 quokkas
  A frilled lizard (D:1)
  A quokka skeleton (D:4)
  2 rats
62 creatures vanquished.

Vanquished Creatures (others)
  8 plants (D:5)
8 creatures vanquished.

Grand Total: 70 creatures vanquished

Notes
Turn   | Place    | Note
-------+----------+-------------------------------------------
     0 | D:1      | frimble the Demonspawn Warper began the quest for the Orb.
     0 | D:1      | Reached XP level 1. HP: 16/16 MP: 3/3
    48 | D:1      | Reached skill level 2 in Short Blades
   226 | D:1      | Gained mutation: You have a somewhat thin skeletal
                  | structure. (Dex +2, Stealth+) [demonic ancestry]
   226 | D:1      | Reached XP level 2. HP: 1/22 MP: 5/5
   602 | D:1      | You fall into a shaft and drop 1 floor!
   814 | D:2      | Identified the ring "Hungany" {rC+ rN+ Int+4 Slay+6}
  1028 | D:1      | Reached skill level 3 in Short Blades
  1047 | D:1      | Found a faded altar of an unknown god.
  1890 | D:3      | Learned a level 2 spell: Blink
  1982 | D:3      | Gained mutation: You have a pair of small antennae on your
                  | head. [demonic ancestry]
  1982 | D:3      | Reached XP level 3. HP: 27/27 MP: 6/6
  2154 | D:3      | Gained mutation: You regenerate magic rapidly. [demonic
                  | ancestry]
  2154 | D:3      | Reached XP level 4. HP: 33/33 MP: 7/7
  2185 | D:3      | Reached skill level 4 in Short Blades
  2638 | D:4      | Noticed an ice beast
  3107 | D:4      | Noticed Blork the orc
  3122 | D:4      | Killed Blork the orc
  3123 | D:4      | Reached skill level 5 in Short Blades
  3123 | D:4      | Gained mutation: You sometimes gain a little power by
                  | taking damage. [demonic ancestry]
  3123 | D:4      | Reached XP level 5. HP: 14/38 MP: 8/8
  3411 | D:4      | Killed an ice beast
  3412 | D:4      | Reached skill level 6 in Short Blades
  3412 | D:4      | Gained mutation: You have a moderately thin skeletal
                  | structure. (Dex +4, Stealth++) [demonic ancestry]
  3412 | D:4      | Reached XP level 6. HP: 34/44 MP: 9/9
  3544 | D:4      | Found an iron altar of Okawaru.
  3549 | D:4      | Found a basalt altar of Yredelemnul.
  3579 | D:4      | Found a shimmering altar of Xom.
  3973 | D:5      | Entered Level 5 of the Dungeon
  4641 | D:5      | Reached skill level 7 in Short Blades
  4641 | D:5      | Reached XP level 7. HP: 23/50 MP: 10/10
  5374 | D:5      | Found Nucocops's Serpentskin Sales.
  5391 | D:5      | Slain by a water moccasin

Illustrated notes

Levels and vault maps discovered:
D:1:      wander_arrival_chamber, layout_rooms, ebering_ecumenical_altar_mist
D:2:      layout_basic
D:3:      layout_loops_ring
D:4:      layout_basic, mainiacjoe_overflow_alcove_2,
          amethyst_overflow_temple_binary, minmay_misc_feat_secret_circle,
          hangedman_minor_gate_pass, uniq_blork_the_orc
D:5:      layout_layer_cave, minmay_tree_intersection, chequers_garden,
          serial_bayou_pond_c, guppyfry_shop_venom

Skill      XL: |  1  2  3  4  5  6 |
---------------+-------------------+-----
Short Blades   | 2 3 5 6 7 |  7.8
Fighting       | |  2.0
Throwing       | |  0.8
Armour         | |  0.8
Dodging        | |  1.7
Stealth        | |  0.1
Spellcasting   | |  2.0
Translocations | |  2.6

Action                   |  1- 3 |  4- 6 |  7- 9 || total
-------------------------+-------+-------+-------++-------
Melee: Short sword       |    15 |       |       ||    15
       Rapier            |    39 |       |       ||    39
       Dagger            |    21 |    88 |    40 ||   149
       Punch             |     1 |     2 |       ||     3
Throw: Boomerang         |     1 |       |       ||     1
  Use: Scroll            |       |     9 |       ||     9
       Potion            |       |       |     1 ||     1
 Stab: Sleeping          |     6 |     2 |       ||     8
Armor: Leather armour    |    15 |     4 |       ||    19
       Ring mail         |       |    20 |    14 ||    34
Dodge: Dodged            |    43 |    30 |    14 ||    87

Table legend: (Time is in decaauts)
 A = Elapsed time spent in this place.
 B = Non-inter-level travel time spent in this place.
 C = Inter-level travel time spent in this place.
 D = Time resting spent in this place.
 E = Time spent auto-exploring this place.
 F = Levels seen in this place.
 G = Mean time per level.
                   A        B        C        D        E       F      G
               +--------+--------+--------+--------+--------+-----+--------+
         Total |   5357 |   5203 |    154 |    316 |   4304 |   5 | 1071.4 |
       Dungeon |   5357 |   5203 |    154 |    316 |   4304 |   5 | 1071.4 |
               +--------+--------+--------+--------+--------+-----+--------+

Top non-repeatable levels by time:
     D:5: 1401 daAuts
     D:4: 1201 daAuts
     D:3: 971 daAuts
     D:2: 946 daAuts
     D:1: 836 daAuts
